 Dungeon Crawl Stone Soup version 0.31-a0-358-gac0dbeb3ab (webtiles) character file.

Game seed: 11858950898419870648

6 randomguy2701 the Chopper (level 1, 0/20 HPs)
             Began as a Hill Orc Monk on July 25, 2023.
             Slain by a gnoll
             ... wielding a +0 club
              (8 damage)
             ... on level 1 of the Dungeon.
             The game lasted 00:00:08 (90 turns).

randomguy2701 the Chopper (Hill Orc Monk)             Turns: 90, Time: 00:00:08

Health: 0/20       AC:  2    Str: 13    XL:     1   Next: 90%
Magic:  1/1        EV: 12    Int: 10    God:
Gold:   37         SH:  0    Dex: 13    Spells: 0/0 levels left

rFire   . . .        a - +0 hand axe
rCold   . . .        d - orb {light}
rNeg    . . .        b - +0 robe
rPois   .            (no helmet)
rElec   .            (no cloak)
rCorr   .            (no gloves)
SInv    .            (no boots)
Will    .....        (no amulet)
Stlth   +            (no ring)
HPRegen 0.23/turn    (no ring)
MPRegen 0.07/turn

%: no passive effects
@: glowing
A: no striking features
a: no special abilities


You were on level 1 of the Dungeon.
You visited 1 branch of the dungeon, and saw 1 of its levels.

You collected 37 gold pieces.

Inventory:

Hand Weapons
 a - a +0 hand axe (weapon)
Armour
 b - a +0 robe (worn)
 d - an orb of light (worn)
Potions
 c - a potion of ambrosia


   Skills:
 + Level 3.8 Fighting
 + Level 4.2 Axes
 + Level 2.5 Dodging


You couldn't memorise any spells.
You didn't know any spells.
Your spell library was empty.

Dungeon Overview and Level Annotations

Branches:
Dungeon (1/15)

Altars:


Message History

No target in view!
HP restored.
You now have 23 gold pieces (gained 13).
You now have 37 gold pieces (gained 14).
Found a dagger.
A hobgoblin comes into view.
The hobgoblin shouts!
You hear an angry hiss.
A hobgoblin is nearby!
A ball python comes into view.
Found a scroll labelled JYTZUI BIQAM.
The hobgoblin barely misses you.
You slash the hobgoblin!
You kill the hobgoblin!
Found a stone staircase leading down.
An endoplasm comes into view.
An endoplasm and a gnoll come into view.
The gnoll shouts!
The ball python misses you. The ball python grabs you.
The ball python constricts you.
The endoplasm quivers. x2
You hit the ball python but do no damage.
The ball python closely misses you. The ball python constricts you.
You hit the ball python.
The ball python is moderately wounded.
The ball python bites you. The ball python constricts you.
You hit the ball python.
You kill the ball python!
A giant cockroach comes into view.
Found a spear and a chain mail.
The endoplasm freezes you.
You are frozen.
You hit the gnoll.
The gnoll is lightly wounded.
You hit the endoplasm. The gnoll hits you with a +0 club.
The endoplasm barely misses you.
The endoplasm hits you but does no damage.
The gnoll misses you.
An endoplasm comes into view.
The endoplasm attacks as you move away! The endoplasm closely misses you.
The gnoll attacks as you move away! The gnoll hits you with a +0 club!
You die...

?...#...#..###........
#........##...###....
#.....#...#.#####.#..
#..#.##.....#.......#
#.......#.###.......#
#####..$....#.#
........#
............#.#
........#
#......J...##.#
.........
#......g@...).#
.......†
.J.....J...#....
......##
......##.##.......##...
....B. ..# .#.>..
#...## ).... #.## .#
### ....... ..... .. #.
........ .... .. .
...... ...[ #.. ......
......


You could see a gnoll, 3 endoplasms and a giant cockroach.

Vanquished Creatures
  An endoplasm (D:1)
  A hobgoblin (D:1)
  A ball python (D:1)
  2 bats (D:1)
  A goblin (D:1)
6 creatures vanquished.

Notes
Turn   | Place    | Note
-------+----------+-------------------------------------------
     0 | D:1      | randomguy2701 the Hill Orc Monk began the quest for the
                  | Orb.
     0 | D:1      | Reached XP level 1. HP: 19/19 MP: 1/1
    90 | D:1      | Slain by a gnoll

Illustrated notes

Levels and vault maps discovered:
D:1:      dpeg_arrival_pits, layout_rooms, minmay_split_cup_large

Action                     || total
---------------------------++-------
  Melee: Hand axe          ||    11
 Armour: Robe              ||     1
  Dodge: Dodged            ||    10

Table legend: (Time is in decaauts)
 A = Elapsed time spent in this place.
 B = Non-inter-level travel time spent in this place.
 C = Inter-level travel time spent in this place.
 D = Time resting spent in this place.
 E = Time spent auto-exploring this place.
 F = Levels seen in this place.
 G = Mean time per level.
                   A        B        C        D        E       F      G
               +--------+--------+--------+--------+--------+-----+--------+
         Total |     91 |     91 |      0 |      0 |     62 |   1 |   91.0 |
       Dungeon |     91 |     91 |      0 |      0 |     62 |   1 |   91.0 |
               +--------+--------+--------+--------+--------+-----+--------+

Top non-repeatable levels by time:
     D:1: 91 daAuts
